 Dungeon Crawl Stone Soup version 0.30-a0-322-g102857c98e (webtiles) character file.

Game seed: 663273732927528261

7 Lanoc the Slasher (level 2, 0/28 HPs)
             Began as a Naga Berserker on Oct 27, 2022.
             Was a Follower of Trog.
             Slain by a jackal (1 damage)
             ... on level 1 of the Dungeon.
             The game lasted 00:00:43 (139 turns).

Lanoc the Slasher (Naga Berserker)                   Turns: 139, Time: 00:00:43

Health: 0/28       AC:  1    Str: 19    XL:     2   Next: 0%
Magic:  2/2        EV:  9    Int:  7    God:    Trog [*.....]
Gold:   8          SH:  0    Dex: 10    Spells: 1/1 levels left

rFire   . . .      SeeInvis +    a - +0 falchion
rCold   . . .      Faith    .    (no shield)
rNeg    . . .      Spirit   .    b - +0 animal skin
rPois   +          Reflect  .    (no helmet)
rElec   .          Harm     .    (no cloak)
rCorr   .          Rampage  .    (no gloves)
Will    .....                    (no barding)
Stlth   +.........               (no amulet)
HPRegen 0.24/turn                (no ring)
MPRegen 0.08/turn                (no ring)

@: on berserk cooldown, slowed, very slow
A: AC +0, large, see invisible, deformed body, poison resistance, slowness 2,
spit poison 1, naga tail 1
a: Spit Poison, Renounce Religion, Berserk


You were on level 1 of the Dungeon.
You worshipped Trog.
Trog was aware of your devotion.
You visited 1 branch of the dungeon, and saw 1 of its levels.

You collected 8 gold pieces.

Inventory:

Hand Weapons
 a - a +0 falchion (weapon)
Armour
 b - a +0 animal skin (worn)


   Skills:
 + Level 3.1 Fighting
 * Level 3.2 Long Blades
 + Level 1.7 Armour
 + Level 1.7 Dodging


You had one spell level left.
You didn't know any spells.
Your spell library was empty.

Dungeon Overview and Level Annotations

Branches:
Dungeon (1/15)

Altars:

Shops:
D:1 ?


Innate Abilities, Weirdness & Mutations

Your serpentine skin is tough. (AC +0)
You have supernaturally acute eyesight. (SInv)
Armour fits poorly on your strangely shaped body.
Your system is resistant to poisons. (rPois)
You cover ground very slowly.
You can spit poison.
You have a snake-like lower body.


Message History

The jackal attacks as you move away! The jackal barely misses you.
You are no longer berserk.
You are exhausted.
You feel yourself slow down. The bat barely misses you.
The bat closely misses you. The bat hits you but does no damage.
The bat barely misses you. The bat hits you but does no damage.
The bat attacks as you move away! The bat barely misses you. The bat hits you.
* * * LOW HITPOINT WARNING * * *
The bat hits you but does no damage. The bat misses you.
The bat barely misses you. The bat attacks as you move away!
The bat hits you but does no damage. x3
The bat attacks as you move away! The bat hits you.
* * * LOW HITPOINT WARNING * * *
The bat barely misses you. x3; The bat closely misses you.
The bat hits you but does no damage. x2; The bat hits you.
* * * LOW HITPOINT WARNING * * *
The bat hits you.
* * * LOW HITPOINT WARNING * * *
The bat hits you but does no damage. The bat completely misses you.
The bat barely misses you.
The bat hits you but does no damage. x2; The bat hits you.
* * * LOW HITPOINT WARNING * * *
The bat hits you.
* * * LOW HITPOINT WARNING * * *
Okay, then.
You aren't carrying any potions.
You aren't carrying any scrolls.
You slash the bat!
You kill the bat!
Trog accepts your kill. The jackal barely misses you.
You have reached level 2!
Okay, then.
You hit the jackal.
The jackal is heavily wounded.
The jackal bites you.
* * * LOW HITPOINT WARNING * * *
The jackal bites you.
You die...

#..................
#.........†......##
#..................
#...............###
#...............# #
#.............††# #
#.............).###
#..................
##@#...............
#h#.#.............
#h#.∩#............
#g##.#####........
#h##.# #........
#h##.# ..........
#.##.. ##........
#.#### #........
#.# .....####


You could see 4 jackals and a goblin.

Vanquished Creatures
  A ball python (D:1)
  A giant cockroach (D:1)
  A quokka (D:1)
  A bat (D:1)
  2 frilled lizards (D:1)
  A goblin (D:1)
7 creatures vanquished.

Notes
Turn   | Place    | Note
-------+----------+-------------------------------------------
     0 | D:1      | Lanoc the Naga Berserker began the quest for the Orb.
     0 | D:1      | Reached XP level 1. HP: 21/21 MP: 1/1
    96 | D:1      | Found Jiesy's Magic Scroll Emporium.
   137 | D:1      | HP: 1/21 [bat (1)]
   139 | D:1      | Reached XP level 2. HP: 2/28 MP: 2/2
   139 | D:1      | Slain by a jackal

Illustrated notes

Levels and vault maps discovered:
D:1:      ebering_trefoil_3fold, layout_rooms, serial_shops, shop,
          ebering_ecumenical_altar_sacrificial, minmay_misc_feat_x,
          minmay_liquid_box

Action                   || total
-------------------------++-------
Melee: Falchion          ||    14
Invok: Berserk           ||     2
 Abil: Spit Poison       ||     3
Armor: Animal skin       ||    14
Dodge: Dodged            ||    26

Table legend: (Time is in decaauts)
 A = Elapsed time spent in this place.
 B = Non-inter-level travel time spent in this place.
 C = Inter-level travel time spent in this place.
 D = Time resting spent in this place.
 E = Time spent auto-exploring this place.
 F = Levels seen in this place.
 G = Mean time per level.
                   A        B        C        D        E       F      G
               +--------+--------+--------+--------+--------+-----+--------+
         Total |    172 |    172 |      0 |      0 |    115 |   1 |  172.0 |
       Dungeon |    172 |    172 |      0 |      0 |    115 |   1 |  172.0 |
               +--------+--------+--------+--------+--------+-----+--------+

Top non-repeatable levels by time:
     D:1: 172 daAuts
